PBL
CALGARY FLAMES @ AMERICUS BRAVES
09/08/2048
 
TOP OF THE 1ST
Calgary Flames batting - Pitching for Americus Braves : RHP Marc Focht
Pitching: RHP Marc Focht
Batting: LHB Garrett Dodge 0-0: Foul Ball, location: 2F
0-1: Ball
1-1: Foul Ball, location: 2F
1-2: Foul Ball, location: 2F
1-2: Ball
2-2: Strikes out swinging
Batting: RHB Andre Thompson 0-0: Called Strike
0-1: Ball
1-1: Ball
2-1: Swinging Strike
2-2: Strikes out swinging
Batting: RHB Norinaga Yamakawakamatsu 0-0: Foul Ball, location: 2F
0-1: Ball
1-1: Called Strike
1-2: Strikes out swinging
Top of the 1st over - 0 runs, 0 hits, 0 errors, 0 left on base; Calgary 0 - Americus 0
BOTTOM OF THE 1ST
Americus Braves batting - Pitching for Calgary Flames : LHP Tony Duque
Pitching: LHP Tony Duque
Batting: RHB Ryan Cole 0-0: Ball
1-0: Ball
2-0: Foul Ball, location: 2F
2-1: Foul Ball, location: 2F
2-2: Ground out 6-3 (Groundball, 6MD, EV 100.6 MPH)
Batting: RHB Josh Maxwell 0-0: Ball
1-0: Ball
2-0: Swinging Strike
2-1: Foul Ball, location: 2F
2-2: Foul Ball, location: 2F
2-2: Strikes out swinging
Batting: LHB Garret Mathis 0-0: Ball
1-0: Ball
2-0: Called Strike
2-1: Ground out 6-3 (Groundball, 6M, EV 77.5 MPH)
Bottom of the 1st over - 0 runs, 0 hits, 0 errors, 0 left on base; Calgary 0 - Americus 0
TOP OF THE 2ND
Calgary Flames batting - Pitching for Americus Braves : RHP Marc Focht
Batting: RHB Peter Frankel 0-0: Called Strike
0-1: Foul Ball, location: 2F
0-2: Ball
1-2: Ball
2-2: Foul Ball, location: 2F
2-2: SOLO HOME RUN (Flyball, 9D, EV 101.2 MPH), Distance : 393 ft
Batting: LHB Gary Corrales 0-0: Called Strike
0-1: Ball
1-1: SINGLE (Flyball, 5D, EV 88.1 MPH)
Batting: RHB Andy Thomas 0-0: Fly out, F9 (Flyball, 9D, EV 96.2 MPH)
Batting: RHB Chad Stady 0-0: Called Strike
0-1: Ball
1-1: Foul Ball, location: 2F
1-2: Strikes out swinging
Batting: RHB Antonio Martinez 0-0: Foul Ball, location: 2F
0-1: Called Strike
0-2: Foul Ball, location: 2F
0-2: SINGLE (Line Drive, 9S, EV 87.5 MPH)
Gary Corrales to second
Runner from 2nd tries for 3rd, SAFE, throw by RF made to third
Batting: RHB Pablo Henriquez 0-0: Called Strike
0-1: Reached on error, E6 (Groundball, 6, EV 85.0 MPH)
Gary Corrales scores
Antonio Martinez to second
Batting: LHB Garrett Dodge 0-0: Ball
1-0: Ball
2-0: Ball
3-0: Base on Balls
Antonio Martinez to third
Pablo Henriquez to second
Batting: RHB Andre Thompson 0-0: Foul Ball, location: 2F
0-1: GRAND SLAM HOME RUN (Flyball, 7D, EV 101.9 MPH), Distance : 393 ft
Batting: RHB Norinaga Yamakawakamatsu 0-0: Ball
1-0: Fly out, F8 (Line Drive, 8LM, EV 87.5 MPH)
Top of the 2nd over - 6 runs, 4 hits, 1 error, 0 left on base; Calgary 6 - Americus 0
BOTTOM OF THE 2ND
Americus Braves batting - Pitching for Calgary Flames : LHP Tony Duque
Batting: RHB Wilson Salgado 0-0: Called Strike
0-1: Fly out, F5 (Line Drive, 5, EV 72.5 MPH)
Batting: RHB Alex Guerra 0-0: Ball
1-0: Foul Ball, location: 2F
1-1: Ball
2-1: Foul Ball, location: 2F
2-2: Strikes out swinging
Batting: RHB Bill Horne 0-0: Ball
1-0: Foul Ball, location: 2F
1-1: Ball
2-1: SINGLE (Groundball, 6MD, EV 111.2 MPH)
Batting: RHB Chris Foss 0-0: Ground out U3 (Groundball, 3S, EV 83.1 MPH)
Bottom of the 2nd over - 0 runs, 1 hit, 0 errors, 1 left on base; Calgary 6 - Americus 0
TOP OF THE 3RD
Calgary Flames batting - Pitching for Americus Braves : RHP Marc Focht
Batting: RHB Peter Frankel 0-0: Called Strike
0-1: Ball
1-1: Foul Ball, location: 2F
1-2: Strikes out swinging
Batting: LHB Gary Corrales 0-0: Fly out, F8 (Line Drive, 8LM, EV 110.6 MPH)
Batting: RHB Andy Thomas 0-0: Ball
1-0: Ball
2-0: Ball
3-0: Base on Balls
Pitching: RHP Aaron Frey
Batting: RHB Chad Stady 0-0: Ball
1-0: Hit by Pitch
Andy Thomas to second
Batting: RHB Antonio Martinez 0-0: Ball
1-0: Fly out, F8 (Flyball, 8LD, EV 85.0 MPH)
Top of the 3rd over - 0 runs, 0 hits, 0 errors, 2 left on base; Calgary 6 - Americus 0
BOTTOM OF THE 3RD
Americus Braves batting - Pitching for Calgary Flames : LHP Tony Duque
Batting: RHB Bart Stevensdick 0-0: Foul Ball, location: 2F
0-1: Ball
1-1: Swinging Strike
1-2: DOUBLE (Line Drive, 5D, EV 98.8 MPH)
Batting: RHB Juan Barela 0-0: Ball
1-0: Called Strike
1-1: Hit by Pitch
Batting: RHB Ryan Cole 0-0: Called Strike
0-1: Ball
1-1: Foul Ball, location: 2F
1-2: Ball
2-2: Ball
3-2: Grounds into double play, 5-4-3 (Groundball, 56, EV 88.1 MPH)
Bart Stevensdick to third
Batting: RHB Josh Maxwell 0-0: Ball
1-0: Fly out, F8 (Flyball, 8RD, EV 90.6 MPH)
Bottom of the 3rd over - 0 runs, 1 hit, 0 errors, 1 left on base; Calgary 6 - Americus 0
TOP OF THE 4TH
Calgary Flames batting - Pitching for Americus Braves : RHP Aaron Frey
Batting: RHB Pablo Henriquez 0-0: Called Strike
0-1: Called Strike
0-2: Strikes out swinging
Batting: LHB Garrett Dodge 0-0: Ball
1-0: Ball
2-0: Ball
3-0: Base on Balls
Batting: RHB Andre Thompson 0-0: Ball
1-0: Called Strike
1-1: Foul Ball, location: 2F
1-2: Foul Ball, location: 2F
1-2: SINGLE (Flyball, 9LS, EV 92.5 MPH)
Garrett Dodge to second
Runner from 2nd tries for 3rd, OUT! 9-5
Batting: RHB Norinaga Yamakawakamatsu 0-0: Hit by Pitch
Andre Thompson to second
Batting: RHB Peter Frankel 0-0: Ball
1-0: Ball
2-0: Called Strike
2-1: Ball
3-1: Base on Balls
Andre Thompson to third
Norinaga Yamakawakamatsu to second
Batting: LHB Gary Corrales 0-0: Ball
1-0: Ball
2-0: Ball
3-0: Base on Balls
Andre Thompson scores
Norinaga Yamakawakamatsu to third
Peter Frankel to second
Batting: RHB Andy Thomas 0-0: Ball
1-0: Fly out, F8 (Flyball, 8LM, EV 90.0 MPH)
Top of the 4th over - 1 run, 1 hit, 0 errors, 3 left on base; Calgary 7 - Americus 0
BOTTOM OF THE 4TH
Americus Braves batting - Pitching for Calgary Flames : LHP Tony Duque
Batting: LHB Garret Mathis 0-0: Called Strike
0-1: Ball
1-1: Fly out, F9 (Flyball, 9D, EV 98.1 MPH)
Batting: RHB Wilson Salgado 0-0: Fly out, F9 (Flyball, 9, EV 90.0 MPH)
Batting: RHB Alex Guerra 0-0: Ground out 6-3 (Groundball, 6, EV 87.5 MPH)
Bottom of the 4th over - 0 runs, 0 hits, 0 errors, 0 left on base; Calgary 7 - Americus 0
TOP OF THE 5TH
Calgary Flames batting - Pitching for Americus Braves : RHP Aaron Frey
Batting: RHB Chad Stady 0-0: Called Strike
0-1: Ball
1-1: Foul Ball, location: 2F
1-2: Strikes out swinging
Batting: RHB Antonio Martinez 0-0: Ball
1-0: Called Strike
1-1: Foul Ball, location: 2F
1-2: Fly out, F9 (Flyball, 9, EV 85.0 MPH)
Batting: RHB Pablo Henriquez 0-0: Called Strike
0-1: Ground out 6-3 (Groundball, 6, EV 80.0 MPH)
Top of the 5th over - 0 runs, 0 hits, 0 errors, 0 left on base; Calgary 7 - Americus 0
BOTTOM OF THE 5TH
Americus Braves batting - Pitching for Calgary Flames : LHP Tony Duque
Batting: RHB Bill Horne 0-0: Ball
1-0: Foul Ball, location: 2F
1-1: Ball
2-1: Foul Ball, location: 2F
2-2: Ball
3-2: Base on Balls
Batting: RHB Chris Foss 0-0: Called Strike
0-1: Ball
1-1: Grounds into double play, 6-4-3 (Groundball, 6, EV 87.5 MPH)
Batting: RHB Bart Stevensdick 0-0: Ball
1-0: Fly out, F8 (Flyball, 8LXD, EV 91.2 MPH)
Bottom of the 5th over - 0 runs, 0 hits, 0 errors, 0 left on base; Calgary 7 - Americus 0
TOP OF THE 6TH
Calgary Flames batting - Pitching for Americus Braves : RHP Aaron Frey
Batting: LHB Garrett Dodge 0-0: Ball
1-0: Foul Ball, location: 2F
1-1: Swinging Strike
1-2: Foul Ball, location: 2F
1-2: Strikes out swinging
Batting: RHB Andre Thompson 0-0: Ball
1-0: Ball
2-0: Ball
3-0: Called Strike
3-1: Foul Ball, location: 2F
3-2: Foul Ball, location: 2F
3-2: Strikes out looking
Batting: RHB Norinaga Yamakawakamatsu 0-0: SINGLE (Flyball, 4MD, EV 88.8 MPH)
Batting: RHB Peter Frankel 0-0: Ball
1-0: Ball
2-0: Ball
3-0: Fly out, F8 (Flyball, 8LXD, EV 109.4 MPH)
Top of the 6th over - 0 runs, 1 hit, 0 errors, 1 left on base; Calgary 7 - Americus 0
BOTTOM OF THE 6TH
Americus Braves batting - Pitching for Calgary Flames : LHP Tony Duque
Batting: RHB Juan Barela 0-0: Foul Ball, location: 2F
0-1: Swinging Strike
0-2: Ball
1-2: Strikes out looking
Batting: RHB Ryan Cole 0-0: Ball
1-0: Ball
2-0: Ball
3-0: Called Strike
3-1: Ground out 5-3 (Groundball, 56S, EV 90.6 MPH)
Batting: RHB Josh Maxwell 0-0: Swinging Strike
0-1: Ball
1-1: Ball
2-1: Foul Ball, location: 2F
2-2: Strikes out swinging
Bottom of the 6th over - 0 runs, 0 hits, 0 errors, 0 left on base; Calgary 7 - Americus 0
TOP OF THE 7TH
Calgary Flames batting - Pitching for Americus Braves : RHP Aaron Frey
Batting: LHB Gary Corrales 0-0: Ball
1-0: Fly out, F8 (Flyball, 89M, EV 78.1 MPH)
Batting: RHB Andy Thomas 0-0: Foul Ball, location: 2F
0-1: Swinging Strike
0-2: Foul Ball, location: 2F
0-2: Strikes out swinging
Batting: RHB Chad Stady 0-0: Called Strike
0-1: Called Strike
0-2: Foul Ball, location: 2F
0-2: Strikes out swinging
Top of the 7th over - 0 runs, 0 hits, 0 errors, 0 left on base; Calgary 7 - Americus 0
BOTTOM OF THE 7TH
Americus Braves batting - Pitching for Calgary Flames : LHP Tony Duque
Batting: LHB Garret Mathis 0-0: Called Strike
0-1: Ball
1-1: Called Strike
1-2: Strikes out looking
Pinch Hitting: RHB Jose Florez 0-0: Ball
1-0: Ball
2-0: Swinging Strike
2-1: Ball
3-1: Base on Balls
Pitching: LHP Randy Latendresse
Batting: RHB Alex Guerra 0-0: Called Strike
Jose Florez steals 2nd base (no throw)
0-1: Swinging Strike
0-2: Ball
1-2: Strikes out swinging
Batting: RHB Bill Horne 0-0: Ground out 3-1 (Groundball, 34, EV 85.0 MPH)
Bottom of the 7th over - 0 runs, 0 hits, 0 errors, 1 left on base; Calgary 7 - Americus 0
TOP OF THE 8TH
Calgary Flames batting - Pitching for Americus Braves : RHP Aaron Frey
Now at 3B: Jose Florez
Batting: RHB Antonio Martinez 0-0: Foul Ball, location: 2F
0-1: Called Strike
0-2: Strikes out swinging
Pinch Hitting: LHB Bruce Daley 0-0: Ground out 4-3 (Groundball, 34, EV 101.2 MPH)
Batting: LHB Garrett Dodge 0-0: DOUBLE (Flyball, 7LD, EV 100.0 MPH)
Batting: RHB Andre Thompson 0-0: Ball
1-0: Called Strike
1-1: Foul Ball, location: 2F
1-2: Ball
2-2: Strikes out swinging
Top of the 8th over - 0 runs, 1 hit, 0 errors, 1 left on base; Calgary 7 - Americus 0
BOTTOM OF THE 8TH
Americus Braves batting - Pitching for Calgary Flames : LHP Randy Latendresse
Now at 2B: Andre Thompson
Now at 3B: Tyler Johnson
Batting: RHB Chris Foss 0-0: Ball
1-0: Called Strike
1-1: Ground out 6-3 (Groundball, 6, EV 103.1 MPH)
Batting: RHB Bart Stevensdick 0-0: Called Strike
0-1: Ball
1-1: Swinging Strike
1-2: Strikes out looking
Batting: RHB Juan Barela 0-0: Called Strike
0-1: Ball
1-1: Ball
2-1: Ball
3-1: Base on Balls
Batting: RHB Ryan Cole 0-0: Called Strike
0-1: Foul Ball, location: 2F
0-2: Strikes out looking
Bottom of the 8th over - 0 runs, 0 hits, 0 errors, 1 left on base; Calgary 7 - Americus 0
TOP OF THE 9TH
Calgary Flames batting - Pitching for Americus Braves : RHP Aaron Frey
Pitching: RHP Jose Rivero
Batting: RHB Norinaga Yamakawakamatsu 0-0: Called Strike
0-1: Foul Ball, location: 2F
0-2: Strikes out looking
Batting: RHB Peter Frankel 0-0: Ball
1-0: Foul Ball, location: 2F
1-1: Foul Ball, location: 2F
1-2: SOLO HOME RUN (Flyball, 7D, EV 99.4 MPH), Distance : 401 ft
Batting: LHB Gary Corrales 0-0: Called Strike
0-1: Ball
1-1: Ball
2-1: Ball
3-1: SINGLE (Flyball, 3D, EV 90.0 MPH)
Batting: RHB Ahmed Elezi 0-0: Ball
1-0: Ball
2-0: Called Strike
2-1: Foul Ball, location: 2F
2-2: Foul Ball, location: 2F
2-2: Strikes out swinging
Pinch Hitting: RHB Alejandro Patron 0-0: Called Strike
0-1: Called Strike
0-2: Ball
1-2: Ball
2-2: Strikes out swinging
Top of the 9th over - 1 run, 2 hits, 0 errors, 1 left on base; Calgary 8 - Americus 0
BOTTOM OF THE 9TH
Americus Braves batting - Pitching for Calgary Flames : LHP Randy Latendresse
Now at C: Rod Johnson
Pinch Hitting: RHB Scott Hansen 0-0: Called Strike
0-1: Ball
1-1: Ball
2-1: Ball
3-1: Foul Ball, location: 2F
3-2: Base on Balls
Batting: LHB Garret Mathis 0-0: Foul Ball, location: 2F
0-1: Ball
1-1: Foul Ball, location: 2F
1-2: Strikes out looking
Pinch Hitting: RHB Ricardo Joya 0-0: Ball
1-0: Ball
2-0: Swinging Strike
2-1: Ball
3-1: Foul Ball, location: 2F
3-2: Base on Balls
Scott Hansen to second
Batting: RHB Alex Guerra 0-0: Ball
1-0: Foul Ball, location: 2F
1-1: Ball
Wild Pitch!
Scott Hansen to third
Ricardo Joya to second
2-1: Ball
3-1: Foul Ball, location: 2F
3-2: Base on Balls
Pitching: RHP Scott Howarth
Batting: RHB Jesus Diego 0-0: Ball
1-0: Called Strike
1-1: Called Strike
1-2: Grounds into double play, 4-6-3 (Groundball, 4MD, EV 94.4 MPH)
Bottom of the 9th over - 0 runs, 0 hits, 0 errors, 2 left on base; Calgary 8 - Americus 0
Tuesday, March 28th , 2023 - OOTP Baseball 23.10 Build 110